 Dungeon Crawl Stone Soup version 0.31.0-12-g77e489cdc1 (webtiles) character file.

Game seed: 1578426753639156818

173 booth the Chopper (level 5, -11/41 HPs)
             Began as a Demonspawn Gladiator on Feb 21, 2024.
             Mangled by a hornet (12 damage)
             ... while paralysed by a hornet
             ... on level 4 of the Dungeon.
             The game lasted 00:11:18 (2687 turns).

booth the Chopper (Demonspawn Gladiator)            Turns: 2687, Time: 00:11:19

Health: -11/41     AC:  6    Str: 14    XL:     5   Next: 28%
Magic:  5/5        EV:  2    Int: 11    God:
Gold:   204        SH:  0    Dex: 14    Spells: 4/4 levels left

rFire   . . .        a - +1 war axe
rCold   . . .        (no shield)
rNeg    . . .        l - +0 ring mail
rPois   .            c - +0 helmet
rElec   .            (no cloak)
rCorr   .            (no gloves)
SInv    .            (no boots)
Will    .....        (no amulet)
Stlth   +            (no ring)
HPRegen 0.26/turn    (no ring)
MPRegen 0.18/turn

%: no passive effects
@: paralysed, lethally poisoned (-11 -> -15), slowed
A: magic regeneration, demonic touch 2
a: no special abilities


You were on level 4 of the Dungeon.
You visited 1 branch of the dungeon, and saw 4 of its levels.

You collected 204 gold pieces.

Inventory:

Hand Weapons
 a - a +1 war axe (weapon)
Missiles
 d - 2 throwing nets (quivered)
 i - 8 poisoned darts
Armour
 c - a +0 helmet (worn)
 l - a +0 ring mail (worn)
Scrolls
 b - a scroll of brand weapon {unknown}
 f - a scroll of blinking {unknown}
 g - a scroll of revelation
 k - a scroll of vulnerability {unknown}
Potions
 h - a potion of lignification
 j - 4 potions of curing
 m - a potion of might {unknown}
 n - a potion of ambrosia {unknown}
 o - a potion of cancellation
 p - a potion of magic {unknown}
 q - a potion of attraction {unknown}


   Skills:
 + Level 3.2 Fighting
 * Level 3.9 Axes
 + Level 2.9 Throwing
 - Level 3.2 Dodging


You had 4 spell levels left.
You didn't know any spells.
Your spell library contained the following spells:

 Spells                   Type           Power      Damage    Failure   Level
 Sublimation of Blood     Necr           0%         N/A       73%         2
 Petrify                  Alch/Erth      0%         N/A       100%        4
 Irradiate                Conj/Alch      0%         3d11      100%        5


Dungeon Overview and Level Annotations

Branches:
Dungeon (4/15)
 Temple: D:4-7

Altars:

Shops:
D:1 :[


Innate Abilities, Weirdness & Mutations

You regenerate magic rapidly.
Your touch may inflict irresistible damage on your foes.


Message History

You throw a javelin. The javelin closely misses the phantom.
The javelin barely misses the hornet.
The phantom hits you but does no damage.
Throw: 10 darts (poison)
Press: ? - help, Q - select action, (/) - cycle Shift-Dir - straight line, f/p - phantom
Aim: a phantom (46% to hit)
You throw a poisoned dart.
The poisoned dart barely misses the phantom.
The poisoned dart hits the hornet.
The hornet is poisoned.
The phantom hits you but does no damage.
Unknown command.
Throw: 9 darts (poison)
Press: ? - help, Q - select action, (/) - cycle Shift-Dir - straight line, f/p - phantom
Aim: a phantom (46% to hit)
You throw a poisoned dart. The poisoned dart hits the phantom.
The phantom hits you but does no damage.
You slash the phantom!
The phantom is moderately damaged.
The phantom hits you but does no damage.
You hit the phantom.
You touch the phantom!
The phantom is almost destroyed.
The phantom barely misses you.
You barely miss the phantom.
The phantom is almost destroyed.
The phantom barely misses you. x2
You hit the phantom.
You destroy the phantom!
The hornet looks more healthy.
The hornet stings you!
You are poisoned.
You suddenly lose the ability to move!
Your Fighting skill increases to level 3!
You have reached level 5!
Your demonic ancestry asserts itself...
Your hands glow brighter with unholy energy.
You feel sick. The hornet stings you!
You feel yourself slow down.
You feel sick. The hornet stings you!
* * * LOW HITPOINT WARNING * * *
You feel as though you will be slow longer.
The hornet stings you!
You die...

#.#.##.#
#.#.##.###.# #####
#.#........# ....#
#.#...###### ....#
#.#...#####
....####.#.......+
....'....#....##.#
....######....##.#
##### #....##@#
#.#+###y# #. #(#
#. #.# #. #.# ...
#.# #(# ########


You could see a hornet.

Vanquished Creatures
  A phantom (D:4)
  2 adders
  4 dart slugs
  A ribbon worm (D:2)
  2 orcs (D:3)
  4 bats
  5 endoplasms
  A giant cockroach (D:1)
  8 hobgoblins
  3 jackals (D:2)
  4 quokkas (D:3)
  6 ball pythons
  7 frilled lizards
  8 goblins
  5 kobolds
  4 rats
65 creatures vanquished.

Notes
Turn   | Place    | Note
-------+----------+-------------------------------------------
     0 | D:1      | booth the Demonspawn Gladiator began the quest for the Orb.
     0 | D:1      | Reached XP level 1. HP: 16/16 MP: 1/1
    65 | D:1      | Found Xazuhy Moise's Antique Armour Shop.
   186 | D:1      | Gained mutation: Your touch may inflict minor irresistible
                  | damage on your foes. [demonic ancestry]
   186 | D:1      | Reached XP level 2. HP: 22/22 MP: 2/2
   448 | D:1      | Found Vyumatt's Vocational Training.
   525 | D:1      | Reached XP level 3. HP: 28/28 MP: 3/3
  1832 | D:3      | Gained mutation: You regenerate magic rapidly. [demonic
                  | ancestry]
  1832 | D:3      | Reached XP level 4. HP: 33/34 MP: 4/4
  2675 | D:4      | Noticed a phantom
  2677 | D:4      | Noticed a hornet
  2685 | D:4      | Killed a phantom
  2685 | D:4      | Paralysed by a hornet for 3 turns
  2686 | D:4      | Gained mutation: Your touch may inflict irresistible damage
                  | on your foes. [demonic ancestry]
  2686 | D:4      | Reached XP level 5. HP: 29/41 MP: 5/5
  2687 | D:4      | HP: 1/41 [hornet (11)]
  2687 | D:4      | Mangled by a hornet

Illustrated notes

Levels and vault maps discovered:
D:1:      lightli_arrival_flooded_house, layout_loops_ring, serial_shops, shop,
          minivault_11, nicolae_shop_vocational
D:2:      layout_basic
D:3:      layout_loops_ring, ebering_dispersal_statue_hall, st_stairs_5
D:4:      layout_basic, general_overflow_altar, grunt_gozag_breadcrumbs,
          yredelemnul_altar_generic, cheibrodos_sewer_entry_drain, serial_shops,
          nicolae_shop_behind_doors

Skill      XL: |  1  2  3  4 |
---------------+-------------+-----
Throwing       | 2 |  2.9
Dodging        | 3 |  3.2
Axes           | 3 |  3.9
Fighting       | 3 |  3.2

Action                     |  1- 3 |  4- 6 || total
---------------------------+-------+-------++-------
  Melee: War axe           |   104 |    57 ||   161
         Touch             |    11 |    11 ||    22
         Punch             |     1 |       ||     1
  Throw: Dart              |       |     2 ||     2
         Javelin           |       |     1 ||     1
         Throwing net      |       |     1 ||     1
    Use: Scroll            |     6 |     1 ||     7
         Potion            |     1 |     1 ||     2
 Armour: Leather armour    |    25 |       ||    25
         Ring mail         |    32 |    49 ||    81
  Dodge: Dodged            |    48 |    41 ||    89
